 Dungeon Crawl Stone Soup version 0.25.0-37-gb73750e0fb (webtiles) character file.

Game seed: 11564953837774554337

42 Peloso the Covered (level 3, -1/29 HPs)
             Began as a Demonspawn Fighter on July 9, 2020.
             Slain by an adder (2 damage)
             ... on level 2 of the Dungeon.
             The game lasted 00:02:08 (1189 turns).

Peloso the Covered (Demonspawn Fighter)             Turns: 1189, Time: 00:02:09

Health: -1/29      AC:  6    Str: 15 (17) XL:     3   Next: 35%
Magic:  3/3        EV:  7    Int:  6 (9)  God:
Gold:   44         SH:  8    Dex:  9 (12) Spells: 2/2 levels left

rFire    . . .     SeeInvis .   a - +0 long sword
rCold    . . .     Gourm    .   c - +0 kite shield
rNeg     . . .     Faith    .   i - +0 scale mail
rPois    .         Spirit   .   (no helmet)
rElec    .         Reflect  .   (no cloak)
rCorr    +         Harm     .   (no gloves)
MR       .....                  (no boots)
Stlth    +.........             (no amulet)
HPRegen  0.09/turn              j - ring of resist corrosion
MPRegen  0.08/turn              (no ring)

@: lethally poisoned (-1 -> -11)
A: nightstalker 1, powered by death 1
a: no special abilities


You were on level 2 of the Dungeon.
You were not hungry.

You visited 1 branch of the dungeon, and saw 2 of its levels.

You collected 44 gold pieces.

Inventory:

Hand Weapons
 a - a +0 long sword (weapon)
 b - a +0 rapier
Armour
 c - a +0 kite shield (worn)
 i - a +0 scale mail (worn)
Jewellery
 j - a ring of resist corrosion (left hand)
Scrolls
 e - a scroll of remove curse
 h - 2 scrolls of identify {unknown}
 k - a scroll of immolation {unknown}
 l - a scroll of magic mapping {unknown}
Potions
 d - a potion of might
 m - a potion of curing {unknown}
Comestibles
 f - 2 rations
 g - 2 chunks of flesh


   Skills:
 + Level 3.1 Fighting
 + Level 2.0 Long Blades
 + Level 3.2 Armour
 + Level 0.4 Dodging
 + Level 3.2 Shields


You had 2 spell levels left.
You didn't know any spells.
Your spell library was empty.

Dungeon Overview and Level Annotations

Branches:
Dungeon (2/15)

Altars:


Innate Abilities, Weirdness & Mutations

You are slightly more attuned to the shadows.
You regenerate a little health from kills.


Message History

The adder poisons you! You block the adder's attack.
You barely miss the adder.
The adder is heavily wounded.
* * * LOW HITPOINT WARNING * * *
You feel sick. The adder bites you.
* * * LOW HITPOINT WARNING * * *
The adder bites you but does no damage.
You miss the adder.
The adder is heavily wounded.
* * * LOW HITPOINT WARNING * * *
You feel sick. You block the adder's attack.
You closely miss the adder.
The adder is heavily wounded.
* * * LOW HITPOINT WARNING * * *
You feel sick.
The adder bites you but does no damage. x2
Your shield and scale mail prevent you from hitting the adder.
The adder is heavily wounded.
* * * LOW HITPOINT WARNING * * *
You feel sick. The adder barely misses you. The adder bites you.
You die...

..##......## #.#
...+.......# #.#
..##.......# #.#
..##...รท...# #.##
..########.# #..#
..########.#. ##.##
...........#.. #..#
#'##########...###.##
........ +...S@...#
......## #...####.#
......# #.. #.#
......# ## #..
......# #... ......#
#.... ......# #.#..#


You could see an adder.

Vanquished Creatures
  An adder (D:2)
  A leopard gecko (D:1)
  2 bats (D:1)
  A giant cockroach (D:1)
  7 goblins
  3 hobgoblins
  4 jackals (D:1)
  A ball python (D:1)
  4 frilled lizards
  2 kobolds (D:1)
  4 rats
30 creatures vanquished.

Notes
Turn   | Place    | Note
-------+----------+-------------------------------------------
     0 | D:1      | Peloso the Demonspawn Fighter began the quest for the Orb.
     0 | D:1      | Reached XP level 1. HP: 18/18 MP: 1/1
   196 | D:1      | Gained mutation: You regenerate a little health from kills.
                  | [demonic ancestry]
   196 | D:1      | Reached XP level 2. HP: 16/24 MP: 2/2
   656 | D:1      | Gained mutation: You are slightly more attuned to the
                  | shadows. [demonic ancestry]
   656 | D:1      | Reached XP level 3. HP: 26/29 MP: 3/3
  1189 | D:2      | HP: 1/29 [poisoned by an adder]
  1189 | D:2      | Slain by an adder

Illustrated notes

Levels and vault maps discovered:
D:1:      minmay_arrival_four_circles, layout_rooms
D:2:      layout_basic, cheibriados_altar_1, first_ration

Skill      XL: |  1  2 |
---------------+-------+-----
Armour         | 3 |  3.2
Shields        | 3 |  3.2
Long Blades    | 2 |  2.0
Fighting       | |  3.1
Dodging        | |  0.4

Action                   || total
-------------------------++-------
Melee: Long sword        ||   131
  Use: Potion            ||     3
       Scroll            ||     1
  Eat: Chunk             ||     1
Armor: Scale mail        ||    66
Dodge: Dodged            ||    41
Block: Kite shield       ||    85
       Rpst.: Long sword ||    18
